 Dungeon Crawl Stone Soup version 0.29-a0-925-g0a7a3d12f8 (webtiles) character file.

Game seed: 9397005182014228188

811 Tef the Sneak (level 7, -4/29 (32) HPs)
             Began as a Vine Stalker Enchanter on July 29, 2022.
             Was an Initiate of Dithmenos.
             Slain by a hell rat (7 damage)
             ... on level 5 of the Dungeon.
             The game lasted 00:34:59 (6652 turns).

Tef the Sneak (Vine Stalker Enchanter)              Turns: 6652, Time: 00:34:59

HP:   -4/29 (32)    AC:  3    Str: 10 (11) XL:     7   Next: 93%
MP:   0/11          EV: 12    Int: 15      God:    Dithmenos [......]
Gold: 260           SH:  0    Dex: 16      Spells: 2/10 levels left

rFire   . . .      SeeInvis .   a - +1 dagger
rCold   . . .      Faith    .   (no shield)
rNeg    . . .      Spirit   +   b - +0 robe
rPois   +          Reflect  .   (no helmet)
rElec   .          Harm     .   d - +0 cloak
rCorr   .          Rampage  .   (no gloves)
Will    .....                   (no boots)
Stlth   ++++......              (no amulet)
HPRegen 0.89/turn               l - ring of poison resistance
MPRegen 0.12/turn               (no ring)

@: drained, invisible
A: fangs 2, regeneration 1, magic shield, antimagic bite, no potion heal 2,
poison resistance
a: Renounce Religion


You were on level 5 of the Dungeon.
You worshipped Dithmenos.
Dithmenos was noncommittal.
You visited 2 branches of the dungeon, and saw 7 of its levels.

You collected 344 gold pieces.
You spent 84 gold pieces at shops.

Inventory:

Hand Weapons
 a - a +1 dagger (weapon)
Armour
 b - a +0 robe (worn)
 d - a +0 cloak (worn)
Jewellery
 l - a ring of poison resistance (left hand)
Wands
 f - a wand of flame (40)
Scrolls
 i - a scroll of torment {unknown}
 p - a scroll of magic mapping
 q - a scroll of immolation
 r - a scroll of fear {unknown}
 s - a scroll of teleportation
 t - a scroll of acquirement {unknown}
Potions
 c - a potion of invisibility
 e - 3 potions of flight
 g - a potion of curing
 h - a potion of degeneration
 o - 4 potions of heal wounds {unknown}
 u - a potion of might {unknown}
 v - 2 potions of attraction


   Skills:
 - Level 0.2 Fighting
 + Level 4.1 Short Blades
 - Level 2.0 Dodging
 + Level 7.5 Stealth
 - Level 2.1 Spellcasting
 + Level 5.7 Hexes


You had 2 spell levels left.
You knew the following spells:

 Your Spells              Type           Power      Damage    Failure   Level
a - Ensorcelled Hibernat  Hex/Ice        20%        N/A       10%         2
b - Confusing Touch       Hex            18%        N/A       6%          3
c - Tukima's Dance        Hex            18%        N/A       6%          3

Your spell library contained the following spells:

 Spells                   Type           Power      Damage    Failure   Level
 Apportation              Tloc           2%         N/A       22%         1
 Freeze                   Ice            4%         1d3       22%         1
 Necrotise                Necr           4%         1d4       22%         1
 Sandblast                Erth           2%         2d4       22%         1
 Summon Small Mammal      Summ           4%         N/A       22%         1
 Passwall                 Tmut/Erth      0%         N/A       32%         2
 Sublimation of Blood     Necr           1%         N/A       32%         2
 Dazzling Flash           Conj/Hex       20%        N/A       21%         3
 Conjure Flame            Conj/Fire      1%         6-21      54%         3
 Frozen Ramparts          Ice            2%         1d2       54%         3
 Ignite Poison            Fire/Tmut/Pois 1%         N/A       54%         3
 Stone Arrow              Conj/Erth      2%         3d7       54%         3
 Hailstorm                Conj/Ice       1%         3d3       91%         4
 Petrify                  Tmut/Erth      1%         N/A       91%         4
 Sticky Flame             Conj/Fire      1%         2d3       91%         4
 Irradiate                Conj/Tmut      0%         3d11      99%         5


Dungeon Overview and Level Annotations

Branches:
Dungeon (6/15)             Temple (1/1) D:4

Altars:
Cheibriados
Dithmenos
Elyvilon
Fedhas
Gozag
Hepliaklqana
Kikubaaqudgha
Makhleb
Nemelex Xobeh
Qazlal
Ru
Sif Muna
Trog
Uskayaw
Vehumet
Wu Jian
Yredelemnul
Zin
The Shining One

Shops:
D:4 !   D:5 :


Innate Abilities, Weirdness & Mutations

You have extremely sharp teeth.
Your natural rate of healing is unusually fast.
When hurt, damage is shared between your health and your magic reserves.
Your bite disrupts and absorbs the magic of your enemies.
Potions cannot restore your health.
Your system is resistant to poisons. (rPois)


Message History

A hell rat comes into view.
You barely miss the river rat.
You bite the river rat, but do no damage.
The river rat is lightly wounded.
The river rat barely misses you.
You closely miss the river rat. Your bite misses the river rat.
The river rat is lightly wounded.
The river rat bites you.
You hit the river rat. Your bite misses the river rat.
The river rat is moderately wounded.
The river rat bites you.
Casting: Ensorcelled Hibernation (safe; 10% risk of failure)
Confirm with . or Enter, or press ? or * to list all spells.
Aiming: Ensorcelled Hibernation (safe; 10% risk of failure)
Press: ? - help, Shift-Dir - straight line, f - river rat
Aim: a river rat (moderately wounded, chance to affect: 52%)
The river rat resists with significant effort.
The river rat closely misses you.
Casting: Ensorcelled Hibernation (safe; 10% risk of failure)
Confirm with . or Enter, or press ? or * to list all spells.
Aiming: Ensorcelled Hibernation (safe; 10% risk of failure)
Press: ? - help, Shift-Dir - straight line, f/p - river rat
Aim: a river rat (moderately wounded, chance to affect: 52%)
The river rat looks drowsy...
The river rat twitches its whiskers.
The river rat bites you! The river rat attacks as you move away!
The river rat bites you.
* * * LOW HITPOINT WARNING * * *
You see here a hell rat corpse.
You see here a river rat corpse.
You see here a hell rat corpse.
The hell rat attacks as you move away! The hell rat bites you.
You feel drained. The hell rat bites you!
* * * LOW HITPOINT WARNING * * *
You feel drained.
* * * LOW HITPOINT WARNING * * *
You fade into invisibility!
The hell rat bites you!
You die...

....##..#...### ##.######.......
...###......# ####÷#.##.####.....
...##.......###.#.##.#.#...#.....
................#.###.###..#.....
............##.##.#####.###......
..........####.#.###.#.#r ##.....
....##......#..##.##..r..###.....
.....#.........#.##.r..#..#......
..........#....#@# #rr#.#......
.>....#.###.<..#r## #.r#......
.....##...#....##.# #rr#......
....###........#.## #rr#......
....####.......##.# ##.#......
..<.#....#......#†## ##r#...(..
..............#.##.## #.##......
................###r####.#.......
..................##.##r##......#


You could see a hell rat (unable to see you).

Vanquished Creatures
  A phantom (D:5)
  2 necrophages
  The ghost of ravioli the Digger, an amateur FeEE of Sif Muna (D:3)
  A scorpion (D:5)
  2 hounds (D:5)
  2 orc priests
  An iguana (D:5)
  2 orc wizards
  2 hell rats (D:5)
  5 adders
  10 river rats (D:5)
  An ufetubus (D:4)
  3 worms (D:2)
  3 dart slugs
  11 orcs
  8 ball pythons
  8 endoplasms
  A giant cockroach (D:4)
  7 goblins
  6 hobgoblins
  4 jackals (D:4)
  5 quokkas (D:2)
  6 bats
  4 frilled lizards
  11 kobolds
  4 rats
111 creatures vanquished.

Vanquished Creatures (others)
  8 plants (D:4)
8 creatures vanquished.

Grand Total: 119 creatures vanquished

Notes
Turn   | Place    | Note
-------+----------+-------------------------------------------
     0 | D:1      | Tef the Vine Stalker Enchanter began the quest for the Orb.
     0 | D:1      | Reached XP level 1. HP: 9/9 MP: 4/4
   261 | D:1      | Reached skill level 4 in Stealth
   261 | D:1      | Reached XP level 2. HP: 13/13 MP: 6/6
   597 | D:1      | Learned a level 2 spell: Ensorcelled Hibernation
   680 | D:1      | Reached skill level 1 in Short Blades
   787 | D:1      | Reached XP level 3. HP: 14/16 MP: 7/7
  1460 | D:2      | Found a faded altar of an unknown god.
  1784 | D:3      | Found a basalt altar of Yredelemnul.
  1798 | D:3      | Found an opulent altar of Gozag.
  2037 | D:3      | Gained mutation: Your natural rate of healing is unusually
                  | fast. [Vine Stalker growth]
  2037 | D:3      | Reached XP level 4. HP: 21/21 MP: 8/8
  2121 | D:3      | Reached skill level 5 in Stealth
  2233 | D:3      | Found a runed translucent door.
  2235 | D:3      | Noticed ravioli's ghost (amateur FeEE)
  2313 | D:3      | Learned a level 3 spell: Confusing Touch
  2753 | D:2      | Reached XP level 5. HP: 24/24 MP: 9/9
  3047 | D:3      | You fall into a shaft and drop 1 floor!
  3403 | D:4      | Found a staircase to the Ecumenical Temple.
  3432 | Temple   | Entered the Ecumenical Temple
  3587 | Temple   | Became a worshipper of Dithmenos the Shadowed
  3757 | D:4      | Found Adenomear's Distillery.
  3762 | D:4      | Bought a potion of flight for 42 gold pieces
  3762 | D:4      | Bought a potion of attraction for 42 gold pieces
  4471 | D:4      | Gained mutation: Your system is resistant to poisons.
                  | (rPois) [potion of mutation]
  4510 | D:4      | Reached XP level 6. HP: 24/28 MP: 3/10
  4716 | D:5      | Entered Level 5 of the Dungeon
  4740 | D:5      | Reached skill level 6 in Stealth
  5185 | D:3      | Killed ravioli's ghost
  5493 | D:5      | Found a blossoming altar of Fedhas.
  5572 | D:6      | Found a faded altar of an unknown god.
  5572 | D:6      | Found a snail-covered altar of Cheibriados.
  5580 | D:6      | Found a burning altar of Makhleb.
  5582 | D:6      | Found a sacrificial altar of Ru.
  5584 | D:6      | Found a faded altar of an unknown god.
  5611 | D:6      | Reached skill level 5 in Hexes
  5614 | D:6      | Reached XP level 7. HP: 32/32 MP: 7/11
  5823 | D:5      | Found Ecwonase's Vocational Training.
  5949 | D:5      | Reached skill level 7 in Stealth
  6052 | D:5      | Learned a level 3 spell: Tukima's Dance
  6652 | D:5      | Slain by a hell rat

Illustrated notes

Levels and vault maps discovered:
D:1:      moated_graveyard_arrival, layout_basic
D:2:      layout_basic, shapermc_ecumenical_altar_venn, supply_closet_lemuel,
          chequers_hall_statues_wall_a, minmay_close_crescents
D:3:      layout_basic, mainiacjoe_overflow_big_doors, ebering_ghost_sewer_d,
          kennysheep_generic_room_10
D:4:      layout_loops_corners, minmay_temple_entry_gardened_gates,
          serial_shops, shop, kennysheep_decorative_pillar,
          kennysheep_minor_cross, serial_bayou_crossing
D:5:      wander_guarded_unrand_ratskin, layout_cave_pools,
          amcnicky_altar_gilded, nicolae_shop_vocational
D:6:      layout_loops_cross, chequers_temple_overflow_minitemple
Temple:   nicolae_temple_ecumenical_triangle

Skill      XL: |  1  2  3  4  5  6  7 |
---------------+----------------------+-----
Stealth        | 4 5 6 7 |  7.5
Short Blades   | 1 2 3 4 |  4.1
Dodging        | 2 |  2.0
Hexes          | 4 5 |  5.7
Fighting       | |  0.2
Spellcasting   | |  2.1

Action                   |  1- 3 |  4- 6 |  7- 9 || total
-------------------------+-------+-------+-------++-------
Melee: Dagger            |    87 |   175 |   119 ||   381
       Bite              |    23 |    33 |    31 ||    87
       Punch             |     1 |       |     1 ||     2
 Cast: Ensorcelled Hiber |     4 |    31 |    26 ||    61
  Use: Scroll            |       |     9 |       ||     9
       Potion            |       |     7 |     5 ||    12
 Stab: Sleeping          |    13 |    26 |    11 ||    50
       Distracted        |       |     1 |       ||     1
       Invisible         |       |     1 |       ||     1
Armor: Robe              |    14 |    25 |    13 ||    52
       Skin              |       |    18 |       ||    18
Dodge: Dodged            |    37 |    78 |    59 ||   174

Table legend: (Time is in decaauts)
 A = Elapsed time spent in this place.
 B = Non-inter-level travel time spent in this place.
 C = Inter-level travel time spent in this place.
 D = Time resting spent in this place.
 E = Time spent auto-exploring this place.
 F = Levels seen in this place.
 G = Mean time per level.
                   A        B        C        D        E       F      G
               +--------+--------+--------+--------+--------+-----+--------+
         Total |   6618 |   6231 |    387 |    912 |   3876 |   7 |  945.4 |
       Dungeon |   6402 |   6015 |    387 |    789 |   3845 |   6 | 1067.0 |
        Temple |    216 |    216 |      0 |    123 |     31 |   1 |  216.0 |
               +--------+--------+--------+--------+--------+-----+--------+

Top non-repeatable levels by time:
     D:4: 1511 daAuts
     D:3: 1388 daAuts
     D:2: 1209 daAuts
     D:5: 1201 daAuts
     D:1: 1009 daAuts
  Temple: 216 daAuts
     D:6: 82 daAuts
